 Dungeon Crawl Stone Soup version 0.31-a0-702-gf82c85558f (webtiles) character file.

Game seed: 3851363244056904893

23967 Malachi the Nimble (level 12, 0/72 HPs)
             Began as a Spriggan Shapeshifter on Sept 8, 2023.
             Was a Priest of Makhleb.
             Slain by a cane toad (13 damage)
             ... on level 3 of the Lair of Beasts.
             The game lasted 00:29:18 (16324 turns).

Malachi the Nimble (Spriggan Shapeshifter)         Turns: 16324, Time: 00:29:18

Health: 0/72       AC: 10    Str: 16    XL:     12   Next: 76%
Magic:  13/13      EV: 27    Int:  9    God:    Makhleb [***...]
Gold:   1530       SH:  0    Dex: 19    Spells: 11/11 levels left

rFire   . .          .
                       - Unarmed
rCold   . . .        (shield currently unavailable)
rNeg    + . .        J - +0 acid dragon scales
rPois   +            O - +1 hat
rElec   +            l - +0 cloak
rCorr   +            (gloves unavailable)
SInv    +            (boots unavailable)
Will    +++..        K - amulet of regeneration
Stlth   +            o - ring "Ipessef" {Drain rElec rN+ Int-3 Slay+6}
HPRegen 1.12/turn    Q - ring "Ziculuk" {rPois Str+6 Stlth+}
MPRegen 0.13/turn

%: no passive effects
@: flux-form, glowing, very quick
A: glow, contaminating, very small, no large weapons, unfitting armour, see
invisible, speed 3, antennae 1, iridescent scales 1, strong-willed 1, robust 1
a: Begin Untransformation, Renounce Religion, Minor Destruction, Lesser Servant
of Makhleb


You were on level 3 of the Lair of Beasts.
You worshipped Makhleb.
Makhleb was most pleased with you.
You were something dangerously unstable.
You visited 3 branches of the dungeon, and saw 14 of its levels.

You collected 2180 gold pieces.
You spent 650 gold pieces at shops.

Inventory:

Hand Weapons
 M - the +7 falchion of Might {elec, rCorr Str+5 Int+2}
   (You took it off an orc warrior on level 10 of the Dungeon)

   Str+5:     It affects your strength (+5).
   Int+2:     It affects your intelligence (+2).
   rCorr:     It protects you from acid and corrosion.
Missiles
 A - 2 throwing nets
Armour
 l - a +0 cloak (worn)
 J - +0 acid dragon scales (worn)
 O - a +1 hat (worn)
Jewellery
 k - a ring of fire
 m - a +4 ring of protection
 o - the ring "Ipessef" (left hand) {Drain rElec rN+ Int-3 Slay+6}
   (You acquired it on level 2 of the Lair of Beasts)

   [ring of positive energy]

   Int-3:     It affects your intelligence (-3).
   Slay+6:    It affects your accuracy & damage with ranged weapons and melee
   (+6).
   rElec:     It insulates you from electricity.
   rN+:       It protects you from negative energy.
   Drain:     It drains your maximum health when unequipped.
 s - a +6 ring of intelligence
 z - an amulet of reflection
 K - an amulet of regeneration (around neck)
 Q - the ring "Ziculuk" (right hand) {rPois Str+6 Stlth+}
   (You bought it in a shop on level 2 of the Dungeon)

   [ring of strength]

   Str+6:     It affects your strength (+6).
   rPois:     It protects you from poison Stlth+: It makes you more stealthy.
Talismans
 c - a beast talisman
 d - a flux talisman (active)
Wands
 e - a wand of paralysis (18)
 x - a wand of mindburst (25)
 y - a wand of flame (39)
 H - a wand of light (8)
 I - a wand of roots (12)
Scrolls
 g - a scroll of fog
 h - 2 scrolls of identify
 i - 2 scrolls of poison
 n - 2 scrolls of enchant armour
 q - 4 scrolls of blinking
 t - a scroll of amnesia
 v - a scroll of immolation
 D - 3 scrolls of teleportation
 L - a scroll of fear
Potions
 a - a potion of invisibility
 b - 4 potions of lignification
 f - a potion of cancellation
 j - a potion of attraction
 p - 2 potions of resistance {unknown}
 r - 4 potions of curing
 u - a potion of might {unknown}
 B - 2 potions of heal wounds {unknown}
 C - 2 potions of haste
 F - a potion of magic {unknown}
 G - a potion of brilliance {unknown}
 N - a potion of enlightenment {unknown}


   Skills:
 + Level 9.2 Fighting
 + Level 14.1 Dodging
 + Level 9.5 Unarmed Combat
 - Level 14.0 Shapeshifting


You had 11 spell levels left.
You didn't know any spells.
Your spell library contained the following spells:

 Spells                   Type           Power      Damage    Failure   Level
 Kiss of Death            Conj/Necr      0%         2d5       50%         1
 Magic Dart               Conj           0%         1d3       50%         1
 Slow                     Hex            0%         N/A       50%         1
 Summon Small Mammal      Summ           0%         N/A       50%         1
 Cigotuvi's Dreadful Rot  Necr/Pois/Air  0%         N/A       63%         2
 Ensorcelled Hibernation  Hex/Ice        0%         N/A       63%         2
 Passwall                 Tmut/Erth      0%         N/A       63%         2
 Searing Ray              Conj           0%         2d4       63%         2
 Wereblood                Tmut           0%         N/A       63%         2
 Call Canine Familiar     Summ           0%         N/A       86%         3
 Confusing Touch          Hex            0%         N/A       86%         3
 Sigil of Binding         Hex            0%         N/A       86%         3
 Summon Guardian Golem    Hex/Summ       0%         N/A       86%         3
 Swiftness                Air            0%         N/A       86%         3
 Vampiric Draining        Necr           0%         2d6       86%         3
 Dispel Undead            Necr           0%         3d6       99%         4
 Fulminant Prism          Conj/Hex       0%         3d5       99%         4
 Irradiate                Conj/Tmut      0%         3d11      100%        5
 Death Channel            Necr           0%         N/A       100%        6


Dungeon Overview and Level Annotations

Branches:
Dungeon (10/15)            Temple (1/1) D:5            Lair (3/5) D:8
    Orc (0/2) D:10
  Swamp: Lair:2-3    Shoals: Lair:2-3     Snake: Lair:2-3    Spider: Lair:2-3

Altars:
Ashenzari
Cheibriados
Dithmenos
Elyvilon
Fedhas
Gozag
Hepliaklqana
Kikubaaqudgha
Makhleb
Nemelex Xobeh
Okawaru
Qazlal
Ru
Sif Muna
Trog
Uskayaw
Vehumet
Wu Jian
Xom
Yredelemnul
Zin
The Shining One

Shops:
D:2 =   D:3 =   D:5 =

Annotations:
D:10 3 runed translucent doors, exclusion: 3 doors, blacky4's ghost, journeyman HOFi
Temple 2 transporters
Lair:2 exclusion: oklob plant


Innate Abilities, Weirdness & Mutations

You are something dangerously unstable.
You glow with magical radiation, making you easy to see and hit.
Foes you strike become dangerously contaminated with magical radiation.
You are incapable of wielding weapons or throwing items.
You are very small and have problems with some larger weapons.
You are too small for most types of armour.
You have supernaturally acute eyesight. (SInv)
You cover ground extremely quickly. (Speed+++)
You have a pair of small antennae on your head.
You are partially covered in iridescent scales. (AC +2)
You are strong-willed. (Will+)
You are robust. (+10% HP)


Message History

You feel better. The cane toad barely misses you.
You hit the yak.
The yak begins to glow.
The yak is lightly wounded.
The yak closely misses you. The cane toad completely misses you.
You hit the yak but do no damage.
The yak glows dangerously bright.
The yak is lightly wounded.
The yak gores you! The cane toad stings you!
You hit the yak.
The yak shudders as magic cascades through it!
The yak twists and deforms.
The yak is heavily wounded.
The cane toad misses you. The yak closely misses you.
You punch the yak!
The yak begins to glow.
The yak is severely wounded.
The cane toad closely misses you. The yak completely misses you.
You hit the yak.
The yak glows dangerously bright.
The yak is almost dead.
The cane toad stings you!
* * * LOW HITPOINT WARNING * * *
You hit the yak.
The yak shudders as magic cascades through it!!!
You kill the yak!
Makhleb accepts your kill.
You feel better. The cane toad stings you.
* * * LOW HITPOINT WARNING * * *
You hit the lindwurm.
The lindwurm begins to glow.
The lindwurm is lightly wounded.
The lindwurm completely misses you. x3; The cane toad misses you.
You punch the lindwurm!
The lindwurm glows dangerously bright.
The lindwurm is moderately wounded.
The cane toad closely misses you. The lindwurm misses you.
The lindwurm claws you but does no damage.
The lindwurm claws you.
* * * LOW HITPOINT WARNING * * *
You hit the lindwurm but do no damage.
The lindwurm shudders as magic cascades through it.
The lindwurm twists and deforms.
The lindwurm is moderately wounded.
The cane toad stings you!
You die...

#..P###......................
....#.#....l.................
............P..##...........
....#..F....P............#.
.......S.##P####.........#.
#....#P...### #......#.. #P
.....##.### ##....#....##
.....##..#######...## #.##P
........kB##.P....# ##...
........F.........# #....
.........P#.###...#....#..
.........##.# #...##.###..
....###### # ###..###....
..## ##........ .. ##.#.....
####P... #####


You could see a lindwurm (misshapen) and a cane toad.

Vanquished Creatures
  Gastronok (Lair:2)
  Harold (D:9)
  Erica (D:9)
  5 death yaks (Lair:2)
  3 two-headed ogres
  A boulder beetle (Lair:2)
  A skyshark (Lair:3)
  2 lindwurms (Lair:1)
  Joseph (D:9)
  3 black mambas
  3 cane toads
  4 komodo dragons
  2 kobold demonologists (D:10)
  2 rime drakes (Lair:2)
  A troll (D:7)
  A hornet (D:10)
  13 blink frogs
  Grinder (D:4)
  Prince Ribbit (D:7)
  Sigmund (D:4)
  15 yaks
  3 wyverns
  A basilisk (Lair:2)
  2 steam dragons
  4 vampire mosquitoes (D:10)
  A warg (D:10)
  An acid dragon (D:10)
  8 water moccasins
  Duvessa (D:7)
  2 ice beasts
  A sky beast (D:8)
  A black bear (D:5)
  5 orc warriors
  3 centaurs
  2 phantoms
  A kobold brigand (D:6)
  10 bullfrogs
  2 scorpions
  5 wights
  Dowan (D:7)
  3 howler monkeys
  2 jellies
  A hound (D:4)
  A gnoll bouda (D:5)
  5 orc priests
  Jessica (D:2)
  5 iguanas
  5 orc wizards
  9 gnolls
  6 adders
  A shadow imp (D:6)
  A white imp (D:8)
  2 worms (D:3)
  A dart slug (D:5)
  22 orcs
  5 endoplasms
  A giant cockroach (D:1)
  9 goblins
  2 hobgoblins
  4 quokkas
  6 ball pythons
  5 bats
  3 frilled lizards
  16 kobolds
  5 rats
238 creatures vanquished.

Notes
Turn   | Place    | Note
-------+----------+-------------------------------------------
     0 | D:1      | Malachi the Spriggan Shapeshifter began the quest for the
                  | Orb.
     0 | D:1      | Reached XP level 1. HP: 9/9 MP: 2/2
   218 | D:1      | Reached skill level 1 in Fighting
   221 | D:1      | Reached XP level 2. HP: 14/14 MP: 3/3
  1118 | D:2      | Found Nouqogie's Jewellery Shop.
  1124 | D:2      | Reached XP level 3. HP: 18/18 MP: 4/4
  1288 | D:2      | Noticed Jessica
  1295 | D:2      | Killed Jessica
  1296 | D:2      | Reached XP level 4. HP: 22/22 MP: 5/5
  1702 | D:3      | Reached skill level 5 in Shapeshifting
  1719 | D:3      | Found Efineop's Jewellery Emporium.
  2134 | D:4      | Noticed a phantom
  2157 | D:4      | Killed a phantom
  2158 | D:4      | Reached XP level 5. HP: 20/26 MP: 6/6
  2614 | D:4      | Noticed Sigmund
  2635 | D:4      | Killed Sigmund
  2636 | D:4      | Reached XP level 6. HP: 22/31 MP: 7/7
  2896 | D:4      | Noticed Grinder
  2899 | D:4      | Paralysed by Grinder for 3 turns
  2915 | D:4      | Killed Grinder
  2916 | D:4      | Reached skill level 5 in Dodging
  2916 | D:4      | Reached XP level 7. HP: 18/35 MP: 8/8
  3558 | D:5      | Entered Level 5 of the Dungeon
  3608 | D:5      | Found a staircase to the Ecumenical Temple.
  3824 | D:6      | You fall into a shaft and drop 3 floors!
  3831 | D:9      | Noticed a two-headed ogre
  3854 | D:9      | Noticed a yak
  3854 | D:9      | Noticed a yak
  3854 | D:9      | Noticed a yak
  3854 | D:9      | Noticed a yak
  3854 | D:9      | Noticed a wyvern
  3854 | D:9      | Noticed a yak
  3856 | D:9      | Noticed a yak
  3860 | D:9      | Found a hazy altar of Hepliaklqana.
  3860 | D:9      | Found a shadowy altar of Dithmenos.
  3860 | D:9      | Noticed a shadow
  3897 | D:9      | Noticed Joseph
  3902 | D:9      | Noticed a steam dragon
  4181 | D:7      | Noticed a wyvern
  4193 | D:7      | Killed a wyvern
  4194 | D:7      | Reached XP level 8. HP: 31/40 MP: 9/9
  4670 | D:8      | Found a staircase to the Lair.
  5422 | D:7      | Noticed a troll
  5430 | D:7      | HP: 1/42 [troll (8)]
  7012 | Temple   | Found a transporter.
  7012 | Temple   | Found a transporter.
  7012 | Temple   | Found a transporter.
  7012 | Temple   | Found a transporter.
  7012 | Temple   | Entered the Ecumenical Temple
  7106 | Temple   | Became a worshipper of Makhleb the Destroyer
  7538 | D:5      | Reached XP level 9. HP: 10/45 MP: 10/10
  7856 | D:5      | Found an ornate altar of the Wu Jian Council.
  7908 | D:5      | Reached skill level 5 in Unarmed Combat
  8024 | D:5      | Found Quataich's Jewellery Shoppe.
  8037 | D:5      | Reached skill level 10 in Shapeshifting
  8267 | D:7      | Killed a troll
  8267 | D:7      | Reached * piety under Makhleb
  8455 | D:7      | Noticed Prince Ribbit
  8455 | D:7      | Noticed Duvessa
  8455 | D:7      | Noticed Dowan
  8474 | D:7      | Killed Prince Ribbit
  8480 | D:7      | Killed Duvessa
  8495 | D:7      | Killed Dowan
  9052 | D:9      | Reached skill level 5 in Fighting
  9136 | D:9      | Noticed Erica
  9147 | D:9      | Killed Erica
  9155 | D:9      | Reached XP level 10. HP: 32/51 MP: 11/11
  9383 | D:9      | Noticed Harold
  9607 | D:9      | Killed Joseph
  9935 | D:9      | Killed Harold
  9989 | D:9      | Killed a two-headed ogre
 10000 | D:9      | Reached skill level 10 in Dodging
 10719 | D:10     | Entered Level 10 of the Dungeon
 10765 | D:10     | Noticed a two-headed ogre
 10771 | D:10     | Identified the +7 falchion of Might {elec, rCorr Str+5
                  | Int+2}
 11043 | D:10     | Found a runed translucent gate.
 11043 | D:10     | Found a runed translucent gate.
 11043 | D:10     | Found a runed translucent gate.
 11155 | D:10     | Noticed a two-headed ogre
 11162 | D:10     | Killed a two-headed ogre
 11163 | D:10     | Reached XP level 11. HP: 25/57 MP: 12/12
 11613 | D:10     | Reached ** piety under Makhleb
 11703 | D:10     | Found a staircase to the Orcish Mines.
 11911 | D:10     | Killed a two-headed ogre
 12098 | D:10     | Noticed blacky4's ghost (journeyman HOFi)
 12115 | D:10     | HP: 1/58 [orc warrior/the +7 falchion of Might {elec, rCorr
                  | Str+5 Int+2} (10)]
 12747 | Lair:1   | Entered Level 1 of the Lair of Beasts
 13788 | Lair:1   | Noticed a lindwurm
 13813 | Lair:1   | Noticed a lindwurm
 13824 | Lair:1   | Killed a lindwurm
 13827 | Lair:1   | Killed a lindwurm
 13880 | Lair:1   | Reached XP level 12. HP: 64/64 MP: 13/13
 14118 | Lair:1   | Identified a scroll of acquirement
 14285 | D:2      | Bought the ring "Ziculuk" {rPois Str+6 Stlth+} for 650 gold
                  | pieces
 14286 | D:2      | Acquired 1267 gold pieces
 14444 | Lair:1   | Gained mutation: You are frail. (-10% HP) [potion of
                  | mutation]
 14444 | Lair:1   | Gained mutation: Your spells are a little easier to cast,
                  | but a little less powerful. [potion of mutation]
 14444 | Lair:1   | Gained mutation: You are partially covered in iridescent
                  | scales. (AC +2) [potion of mutation]
 14445 | Lair:1   | Lost mutation: You are frail. (-10% HP) [potion of
                  | mutation]
 14445 | Lair:1   | Lost mutation: Your spells are a little easier to cast, but
                  | a little less powerful. [potion of mutation]
 14445 | Lair:1   | Gained mutation: You have a pair of small antennae on your
                  | head. [potion of mutation]
 14445 | Lair:1   | Gained mutation: You are strong-willed. (Will+) [potion of
                  | mutation]
 14445 | Lair:1   | Gained mutation: You are robust. (+10% HP) [potion of
                  | mutation]
 14848 | Lair:2   | Reached *** piety under Makhleb
 15083 | Lair:2   | Acquired the ring "Ipessef" {Drain rElec rN+ Int-3 Slay+6}
 15093 | Lair:2   | Noticed a boulder beetle
 15104 | Lair:2   | Killed a boulder beetle
 15301 | Lair:2   | Noticed Gastronok
 15315 | Lair:2   | Killed Gastronok
 15493 | Lair:3   | Noticed a death yak
 15493 | Lair:3   | Noticed a death yak
 15493 | Lair:3   | Noticed a death yak
 15493 | Lair:3   | Noticed a death yak
 15574 | Lair:3   | Noticed a six-headed hydra
 15791 | Lair:3   | Noticed a death yak
 15792 | Lair:3   | Noticed a death yak
 15792 | Lair:3   | Noticed a death yak
 15792 | Lair:3   | Noticed a death yak
 15832 | Lair:2   | Killed a death yak
 15841 | Lair:2   | Killed a death yak
 15991 | Lair:3   | Noticed a death yak
 16046 | Lair:2   | Killed a death yak
 16166 | Lair:2   | Killed a death yak
 16169 | Lair:2   | Killed a death yak
 16324 | Lair:3   | Slain by a cane toad

Illustrated notes

Levels and vault maps discovered:
D:1:      erik_arrival_triangle_huge, layout_rooms,
          chequers_serial_rivers_marsh, reono_crystal_passage,
          serial_bayou_pond_b, minmay_misc_feat_rugged
D:2:      layout_loops_cross, serial_shops, shop, grunt_decor_resistance,
          minmay_box_of_dots, uniq_jessica
D:3:      minmay_inner_zag, layout_rooms, serial_shops, nicolae_shop_peninsula,
          serial_park_tiny_1
D:4:      layout_loops_corners, uniq_grinder, uniq_sigmund
D:5:      layout_cave_pools, nicolae_wu_jian_wuxing_cycle,
          minmay_temple_entry_grid, serial_shops, shop_fountains
D:6:      minmay_klotski, layout_loops_corners
D:7:      layout_basic, uniq_prince_ribbit1, uniq_duvessa
D:8:      layout_rooms, dpeg_oklobed_lair, dreamdust_wishing_well,
          ebering_dispersal_statue_hall
D:9:      layout_loops_ring, riverfiend_overflow_shadow_ancestor, uniq_erica,
          uniq_harold, uniq_joseph
D:10:     layout_irregular_city, david_orc_1_choice, gammafunk_ghost_spectres
Temple:   hellmonk_temple_divided_pantheon
Lair:1:   layout_misc_corridors, nicolae_lair_lindhole,
          infiniplex_staircase_pool_2
Lair:2:   layout_roguey, uniq_gastronok
Lair:3:   layout_gridlike, nicolae_swamp_entry_spooky,
          nicolae_spider_entry_tight_spaces, beast_lair_carwin_1

Skill      XL: |  1  2  3  4  5  6  7  8  9 10 11 12 |
---------------+-------------------------------------+-----
Fighting       | 1 2 3 4 5 6 7 9 |  9.2
Dodging        | 3 4 5 6 7 8 10 12 14 | 14.1
Shapeshifting  | 5 6 7 8 9 11 13 14 | 14.0
Unarmed Combat | 3 4 5 6 8 9 |  9.5

Action                     |  1- 3 |  4- 6 |  7- 9 | 10-12 || total
---------------------------+-------+-------+-------+-------++-------
  Melee: Unarmed           |    74 |   127 |   431 |   604 ||  1236
         Punch             |     1 |     4 |       |       ||     5
    Use: Scroll            |       |     5 |     3 |    12 ||    20
         Potion            |       |       |       |     3 ||     3
   Stab: Sleeping          |       |     1 |       |       ||     1
 Armour: Animal skin       |    19 |       |       |       ||    19
         Robe              |     5 |    32 |   152 |    22 ||   211
         Acid dragon scale |       |       |       |   190 ||   190
  Dodge: Dodged            |    67 |    81 |   398 |   517 ||  1063
  Block: Other             |       |       |    29 |    68 ||    97
         Reflection        |       |       |     2 |       ||     2
   Form: Flux              |       |       |     1 |       ||     1

Table legend: (Time is in decaauts)
 A = Elapsed time spent in this place.
 B = Non-inter-level travel time spent in this place.
 C = Inter-level travel time spent in this place.
 D = Time resting spent in this place.
 E = Time spent auto-exploring this place.
 F = Levels seen in this place.
 G = Mean time per level.
                   A        B        C        D        E       F      G
               +--------+--------+--------+--------+--------+-----+--------+
         Total |  12704 |  11853 |    851 |   4790 |   4507 |  14 |  907.4 |
       Dungeon |  10553 |   9834 |    719 |   4229 |   3771 |  10 | 1055.3 |
        Temple |     67 |     63 |      4 |      0 |      0 |   1 |   67.0 |
          Lair |   2083 |   1955 |    128 |    560 |    735 |   3 |  694.3 |
               +--------+--------+--------+--------+--------+-----+--------+

Top non-repeatable levels by time:
     D:9: 1841 daAuts
     D:4: 1591 daAuts
     D:8: 1566 daAuts
     D:6: 1390 daAuts
  Lair:2: 1145 daAuts
    D:10: 1127 daAuts
     D:7: 832 daAuts
     D:1: 809 daAuts
  Lair:1: 756 daAuts
     D:5: 612 daAuts
     D:2: 474 daAuts
     D:3: 307 daAuts
  Lair:3: 180 daAuts
  Temple: 67 daAuts
